 Dungeon Crawl Stone Soup version 0.25.1-2-g60ff931df9 (webtiles) character file.

Game seed: 6876408190633115207

54 Patoropollo the Slasher (level 3, -8/29 HPs)
             Began as a Demigod Gladiator on Oct 3, 2020.
             Mangled by an orc warrior
             ... wielding a +0 flail
              (14 damage)
             ... on level 5 of the Dungeon.
             The game lasted 00:07:14 (2048 turns).

Patoropollo the Slasher (Demigod Gladiator)         Turns: 2048, Time: 00:07:15

Health: -8/29      AC:  6    Str: 17    XL:     3   Next: 44%
Magic:  0/5        EV: 13    Int: 12    God:
Gold:   135        SH:  0    Dex: 19    Spells: 2/2 levels left

rFire    . . .     SeeInvis .   a - +0 long sword
rCold    + . .     Gourm    .   (no shield)
rNeg     . . .     Faith    .   b - +0 leather armour
rPois    .         Spirit   +   n - +2 helmet
rElec    .         Reflect  .   (no cloak)
rCorr    .         Harm     .   (no gloves)
MR       .....                  (no boots)
Stlth    +.........             g - amulet of guardian spirit
HPRegen  0.09/turn              f - ring of protection from cold
MPRegen  0.09/turn              (no ring)

@: no status effects
A: high mp 1
a: no special abilities


You were on level 5 of the Dungeon.
You were not hungry.

You visited 1 branch of the dungeon, and saw 5 of its levels.

You collected 135 gold pieces.

Inventory:

Hand Weapons
 a - a +0 long sword (weapon)
Missiles
 d - 3 throwing nets (quivered)
Armour
 b - a +0 leather armour (worn)
 n - a +2 helmet (worn)
Jewellery
 f - a ring of protection from cold (left hand)
 g - an amulet of guardian spirit (around neck)
Scrolls
 h - 4 scrolls of identify {unknown}
 i - a scroll of fear {unknown}
 j - 3 scrolls of remove curse {unknown}
 k - 2 scrolls of teleportation {unknown}
Potions
 e - 2 potions of berserk rage {unknown}
 l - a potion of degeneration {unknown}
 m - a potion of curing {unknown}
Comestibles
 c - 2 chunks of flesh


   Skills:
 + Level 2.2 Fighting
 + Level 3.5 Long Blades
 + Level 1.8 Throwing
 + Level 3.2 Dodging


You had 2 spell levels left.
You didn't know any spells.
Your spell library was empty.

Dungeon Overview and Level Annotations

Branches:
Dungeon (6/15)
 Temple: D:4-7


Innate Abilities, Weirdness & Mutations

You have an increased reservoir of magic. (+10% MP)


Message History

You riposte.
You hit the orc warrior.
The orc warrior is lightly wounded.
You barely miss the orc warrior.
The orc warrior is lightly wounded.
The orc warrior barely misses you.
You hit the orc warrior but do no damage.
The orc warrior is lightly wounded.
The orc warrior misses you.
You closely miss the orc warrior.
The orc warrior is lightly wounded.
The orc warrior hits you with a +0 flail!
* * * LOW HITPOINT WARNING * * *
You hit the orc warrior but do no damage.
The orc warrior is lightly wounded.
The orc warrior hits you with a +0 flail.
* * * LOW HITPOINT WARNING * * *
You barely miss the orc warrior.
The orc warrior is lightly wounded.
The orc warrior hits you with a +0 flail!
You die...

# ...
##########.....
......o@.......
#.########.....
###


You could see an orc warrior.

Vanquished Creatures
  An adder (D:2)
  A worm (D:2)
  2 leopard geckos (D:2)
  2 giant cockroaches
  2 goblins
  5 hobgoblins
  2 quokkas (D:2)
  9 bats
  2 frilled lizards (D:1)
  7 kobolds
  6 rats
39 creatures vanquished.

Notes
Turn   | Place    | Note
-------+----------+-------------------------------------------
     0 | D:1      | Patoropollo the Demigod Gladiator began the quest for the
                  | Orb.
     0 | D:1      | Reached XP level 1. HP: 17/17 MP: 3/3
    99 | D:1      | You fall into a shaft and drop 1 floor!
   381 | D:2      | Reached XP level 2. HP: 21/24 MP: 4/4
  1313 | D:1      | Reached XP level 3. HP: 28/29 MP: 5/5
  1658 | D:2      | You fall into a shaft and drop 1 floor!
  1782 | D:2      | Found a sacrificial altar of Ru.
  1817 | D:2      | Found a burning altar of Makhleb.
  1820 | D:2      | Found a glowing golden altar of the Shining One.
  1832 | D:2      | Found an iron altar of Okawaru.
  1845 | D:2      | Found a hide-covered altar of Uskayaw.
  2020 | D:3      | You fall into a shaft and drop 3 floors!
  2020 | D:6      | Noticed an orc warrior
  2039 | D:5      | Entered Level 5 of the Dungeon
  2048 | D:5      | Mangled by an orc warrior

Illustrated notes

Levels and vault maps discovered:
D:1:      dpeg_arrival_rooms_a, layout_basic
D:2:      layout_loops_cross, grunt_temple_overflow_cloverleaf,
          nicolae_ru_the_path_less_chosen
D:3:      layout_basic, nemelex_xobeh_ov_fountains_minmay
D:5:      layout_basic, uniq_eustachio, uniq_menkaure
D:6:      layout_loops_corners, nicolae_ashenzari_panopticon, serial_undead,
          serial_undead_d, serial_undead_b, serial_undead_e, serial_undead_b,
          serial_undead_e, serial_undead_c

Skill      XL: |  1  2 |
---------------+-------+-----
Long Blades    | 3 |  3.5
Dodging        | 3 |  3.2
Fighting       | 2 |  2.2
Throwing       | |  1.8

Action                   || total
-------------------------++-------
Melee: Long sword        ||   114
  Eat: Ration            ||     1
Armor: Leather armour    ||    39
Dodge: Dodged            ||   109
       Rpst.: Long sword ||    38
